 Dungeon Crawl Stone Soup version 0.21-a0-531-gacddea6 (webtiles) character file.

19450 slep the Cleaver (level 12, -5/65 HPs)
             Began as a Vine Stalker Gladiator on Dec 13, 2017.
             Was the Champion of Okawaru.
             Slain by a large slime creature (8 damage)
             ... on level 12 of the Dungeon.
             The game lasted 00:55:51 (8378 turns).

slep the Cleaver (Vine Stalker Gladiator)           Turns: 8378, Time: 00:55:52

Health: -5/65      AC: 22    Str: 20    XL:     12   Next: 69%
Magic:  0/13       EV:  8    Int:  8    God:    Okawaru [******]
Gold:   675        SH:  0    Dex: 18    Spells: 11/11 levels left

rFire    . . .     SeeInvis .   a - +0 battleaxe (venom)
rCold    . . .     Gourm    .   (shield currently unavailable)
rNeg     . . .     Faith    .   e - +0 plate armour
rPois    +         Spirit   +   c - +0 helmet
rElec    .         Reflect  .   S - +0 cloak
rCorr    .         Harm     .   s - +2 pair of gloves of Fashionability {*Slow rPois MR+}
MR       ++...                  C - +1 pair of boots
Stlth    ..........             y - amulet of inaccuracy (curse)
HPRegen  1.00/turn              G - +4 ring of slaying
MPRegen  0.13/turn              N - ring of stealth

@: no status effects
A: fangs 3, regeneration 2, magic shield, antimagic bite, no potion heal 3, rot
immunity
a: Heroism, Finesse, Renounce Religion


You were on level 12 of the Dungeon.
You worshipped Okawaru.
Okawaru was exalted by your worship.
You were not hungry.

You visited 2 branches of the dungeon, and saw 16 of its levels.
You also visited: Sewer.

You collected 675 gold pieces.

Inventory:

Hand Weapons
 a - a +0 battleaxe of venom (weapon)
 b - a +0 blowgun
 m - the +7 bardiche of a bazaar {freeze, rF- rC+ Str+5}
   (Okawaru gifted it to you on level 14 of the Dungeon)

   It has been specially enchanted to freeze those struck by it, causing extra
   injury to most foes and up to half again as much damage against particularly
   susceptible opponents.
   It can also slow down cold-blooded creatures.
   It affects your strength (+5).
   It makes you vulnerable to fire.
   It protects you from cold.
 X - a +3 scimitar of flaming
Missiles
 d - 3 throwing nets (quivered)
 v - 27 poisoned needles
 E - 9 curare-tipped needles
 M - 5 silver javelins
 Z - 4 exploding tomahawks
Armour
 c - a +0 helmet (worn)
 e - a +0 plate armour (worn)
 s - the +2 pair of gloves of Fashionability (worn) {*Slow rPois MR+}
   (You found it on level 4 of the Dungeon)

   It protects you from poison.
   It affects your resistance to hostile enchantments.
   It may slow you when you take damage.
 C - a +1 pair of boots (worn)
 S - a +0 cloak (worn)
Jewellery
 n - an uncursed amulet of harm
 t - an uncursed ring of ice
 y - a cursed amulet of inaccuracy (around neck)
 G - a +4 ring of slaying (left hand)
 H - an uncursed ring of flight
 N - a ring of stealth (right hand)
Wands
 F - a wand of random effects (26)
 L - a wand of flame (26)
Scrolls
 h - 2 scrolls of identify
 i - 5 scrolls of blinking
 j - a scroll of enchant armour
 l - 4 scrolls of teleportation
 r - a scroll of amnesia
 w - 2 scrolls of fear
 x - 4 scrolls of fog
 D - a scroll of remove curse
 I - 4 scrolls of immolation {unknown}
 K - a scroll of enchant weapon {unknown}
 R - 2 scrolls of magic mapping {unknown}
Potions
 k - a potion of might
 o - 2 potions of lignification
 q - 8 potions of curing
 u - 2 potions of haste
 z - 4 potions of flight
 B - a potion of brilliance
 J - 2 potions of agility
 O - a potion of ambrosia
 P - a potion of magic
 Q - 3 potions of mutation
 T - 2 potions of heal wounds
 U - a potion of invisibility
 V - a potion of cancellation {unknown}
Books
 W - a book of Flames

   Spells                             Type                      Level
   a - Flame Tongue                   Conjuration/Fire             1
   b - Throw Flame                    Conjuration/Fire             2
   c - Conjure Flame                  Conjuration/Fire             3
   d - Inner Flame                    Hexes/Fire                   3
   e - Sticky Flame                   Conjuration/Fire             4
   f - Fireball                       Conjuration/Fire             5
Comestibles
 f - 17 bread rations
 g - 5 royal jellies
 p - 7 meat rations
 A - 7 chunks of flesh
 Y - 2 fruits


   Skills:
 + Level 8.2 Fighting
 + Level 1.6 Long Blades
 + Level 13.9 Axes
 + Level 2.3 Throwing
 + Level 7.9 Armour
 + Level 3.4 Dodging
 + Level 3.2 Stealth
 + Level 1.1 Evocations


You had 11 spell levels left.
You didn't know any spells.

Dungeon Overview and Level Annotations

Branches:
Dungeon (15/15)            Temple (1/1) D:4            Lair (0/6) D:11
    Orc: D:9-12      Vaults: D:13-14     Depths: D:15

Altars:
Ashenzari
Cheibriados
Dithmenos
Elyvilon
Fedhas
Gozag
Hepliaklqana
Kikubaaqudgha
Makhleb
Okawaru
Qazlal
Sif Muna
Uskayaw
Vehumet
Xom
Zin
The Shining One

Shops:
D:3 *   D:7 (

Annotations:
D:12 Snorg
D:14 exclusion: obsidian statue


Innate Abilities, Weirdness & Mutations

You have razor-sharp teeth.
You heal very quickly.
When hurt, damage is shared between your health and your magic reserves.
Your bite disrupts and absorbs the magic of your enemies.
Potions cannot restore your health.
You are immune to rotting.


Message History

Snorg claws you!
The slime creature hits you but does no damage. x2
Two slime creatures merge to form a very large slime creature.
Two slime creatures merge to form a large slime creature.
You climb upwards.
The troll shouts!
A necrophage comes into view.
There is a stone staircase leading down here.
The very large slime creature looks more healthy.
Snorg rages.
Snorg barely misses you. Snorg claws you. Snorg claws you!
* * * LOW HITPOINT WARNING * * *
A very large slime creature splits.
Two slime creatures merge to form a large slime creature.
You open the door. Snorg bites you!!
* * * LOW HITPOINT WARNING * * *
Snorg claws you.
* * * LOW HITPOINT WARNING * * *
Snorg claws you but does no damage. The large slime creature hits you!
You die...

####+#####
#........#
#........#
+...n....#
#......T.###.#
#..T..>J@'...#
#......J.#####
##########


You could see Snorg (berserk), 2 large slime creatures, a troll and a
necrophage.

Vanquished Creatures
  An ogre mage (D:15)
  A hydra (D:11)
  Erica (D:8)
  6 two-headed ogres
  A wizard (D:14)
  3 unseen horrors
  Pikel (D:5)
  The ghost of belenar the Blocker, a novice GrFi of Okawaru (D:7)
  The ghost of ShadedKnight the Summoner, a novice GrSu of Sif Muna (D:9)
  Maurice (D:8)
  The ghost of Maimakterion the Ruffian, a novice DrTm of Wu Jian (D:5)
  3 centaur skeletons
  Psyche (D:8)
  A hornet (D:14)
  2 slime creatures (D:13)
  Prince Ribbit (D:8)
  2 hippogriffs
  Sigmund (D:2)
  A wraith (D:14)
  A wyvern (D:10)
  8 yaks
  4 vampire mosquitoes (D:14)
  Grum (D:8)
  3 wargs (D:11)
  An acid dragon (D:14)
  Duvessa (D:4)
  2 slaves (D:5)
  A black bear (D:8)
  2 orc warriors
  2 ice beasts
  4 phantoms
  6 ogres
  A necrophage (D:9)
  3 wolves (D:8)
  2 centaurs
  A big kobold (D:14)
  8 bullfrogs
  A water moccasin zombie (D:7)
  A wyvern zombie (D:10)
  Blork the orc (D:5)
  Dowan (D:4)
  3 scorpions
  4 howler monkeys
  6 crimson imps
  2 bullfrog zombies (D:10)
  A centaur zombie (D:11)
  A quasit (D:13)
  A jelly (D:14)
  3 orc priests
  3 hounds
  4 iguanas
  6 orc wizards
  11 worker ants
  Ijyb (D:5)
  2 hound zombies (D:11)
  2 hound skeletons
  6 gnolls
  14 adders
  5 shadow imps
  5 worms
  5 dart slugs
  5 leopard geckos
  28 orcs
  6 giant cockroaches
  10 goblins
  12 hobgoblins
  6 jackals (Sewer)
  4 quokkas
  8 ball pythons
  9 bats
  4 frilled lizards
  26 kobolds
  A quokka skeleton (D:5)
  A quokka zombie (D:9)
  18 rats
  5 plants (Sewer)
313 creatures vanquished.

Notes
Turn   | Place    | Note
-------+----------+-------------------------------------------
     0 | D:1      | slep the Vine Stalker Gladiator began the quest for the Orb.
     0 | D:1      | Reached XP level 1. HP: 11/11 MP: 2/2
    26 | D:1      | Reached XP level 2. HP: 15/15 MP: 3/3
    32 | D:1      | Reached skill level 3 in Axes
    98 | D:1      | Reached XP level 3. HP: 3/18 MP: 4/4
   590 | D:2      | Gained mutation: Your natural rate of healing is unusually fast. [Vine Stalker growth]
   590 | D:2      | Reached XP level 4. HP: 21/23 MP: 3/5
   662 | D:2      | You fall through a shaft for 2 floors!
   664 | D:4      | Found a hazy altar of Hepliaklqana.
   714 | D:4      | Got a pair of jewelled gloves
   720 | D:4      | Identified the +2 pair of gloves of Fashionability {*Slow rPois MR+} (You found it on level 4 of the Dungeon)
   727 | D:4      | Reached skill level 4 in Axes
   727 | D:4      | Reached skill level 1 in Armour
   727 | D:4      | Reached XP level 5. HP: 19/26 MP: 4/6
   775 | D:4      | Found a staircase to the Ecumenical Temple.
   782 | Temple   | Entered the Ecumenical Temple
   895 | Temple   | Became a worshipper of Warmaster Okawaru
   919 | D:4      | Found a radiant altar of Vehumet.
   970 | D:4      | Found a glowing drain.
   985 | Sewer    | Entered a sewer
  1831 | D:4      | Reached XP level 6. HP: 31/32 MP: 7/7
  1856 | D:4      | Reached skill level 5 in Axes
  1896 | D:4      | Reached * piety under Okawaru
  1971 | D:3      | Reached XP level 7. HP: 35/35 MP: 8/8
  2086 | D:2      | Found an ancient bone altar of Kikubaaqudgha.
  2269 | D:2      | Noticed Sigmund
  2277 | D:2      | Killed Sigmund
  2277 | D:2      | Reached skill level 6 in Axes
  2707 | D:3      | Found an opulent altar of Gozag.
  2711 | D:3      | Found Gozag's Platinum Reserve.
  2759 | D:3      | Found a faded altar of an unknown god.
  3022 | D:4      | Noticed Duvessa
  3024 | D:4      | Noticed Dowan
  3041 | D:4      | Killed Duvessa
  3046 | D:4      | Killed Dowan
  3492 | D:5      | Entered Level 5 of the Dungeon
  3492 | D:5      | Noticed Maimakterion's ghost (novice DrTm)
  3509 | D:4      | Gained mutation: You have razor-sharp teeth. [Vine Stalker growth]
  3509 | D:4      | Reached XP level 8. HP: 40/40 MP: 9/9
  3520 | D:5      | Noticed Ijyb
  3522 | D:5      | Killed Maimakterion's ghost
  3522 | D:5      | Reached ** piety under Okawaru
  3522 | D:5      | Reached skill level 7 in Axes
  3526 | D:5      | Killed Ijyb
  3529 | D:5      | Found an opulent altar of Gozag.
  3656 | D:5      | Reached skill level 8 in Axes
  3705 | D:5      | Noticed Blork the orc
  3710 | D:5      | Killed Blork the orc
  3710 | D:5      | Reached *** piety under Okawaru
  3717 | D:5      | Reached XP level 9. HP: 45/45 MP: 10/10
  3920 | D:5      | Noticed Pikel
  3938 | D:5      | Killed Pikel
  3938 | D:5      | Reached **** piety under Okawaru
  3938 | D:5      | Reached skill level 9 in Axes
  3938 | D:5      | Reached skill level 1 in Stealth
  4347 | D:6      | Found a stormy altar of Qazlal.
  4465 | D:6      | Found a snail-covered altar of Cheibriados.
  4576 | D:7      | Reached skill level 5 in Fighting
  4619 | D:7      | Noticed belenar's ghost (novice GrFi)
  4629 | D:7      | Killed belenar's ghost
  4629 | D:7      | Reached ***** piety under Okawaru
  4629 | D:7      | Reached skill level 10 in Axes
  4629 | D:7      | Reached XP level 10. HP: 33/51 MP: 8/11
  4741 | D:7      | Found Tuesavvi's Antique Weapon Emporium.
  5057 | D:8      | Reached skill level 5 in Armour
  5071 | D:8      | Noticed Maurice
  5080 | D:8      | Killed Maurice
  5175 | D:8      | Noticed Prince Ribbit
  5193 | D:8      | Killed Prince Ribbit
  5193 | D:8      | Received a gift from Okawaru
  5262 | D:8      | Found a hazy altar of Hepliaklqana.
  5278 | D:8      | Noticed Grum
  5287 | D:8      | Killed Grum
  5289 | D:8      | Reached skill level 11 in Axes
  5418 | D:8      | You fall through a shaft!
  5476 | D:9      | Noticed ShadedKnight's ghost (novice GrSu)
  5496 | D:9      | Killed ShadedKnight's ghost
  5908 | D:8      | Noticed a two-headed ogre
  5910 | D:8      | Killed a two-headed ogre
  5910 | D:8      | Reached XP level 11. HP: 56/56 MP: 12/12
  6019 | D:8      | Noticed Erica
  6026 | D:8      | Killed Erica
  6026 | D:8      | Received a gift from Okawaru
  6026 | D:8      | Reached skill level 1 in Evocations
  6088 | D:8      | Noticed Psyche
  6143 | D:8      | Killed Psyche
  6143 | D:8      | Reached skill level 12 in Axes
  6554 | D:9      | Found a glowing golden altar of the Shining One.
  6649 | D:9      | Found a glowing golden altar of the Shining One.
  6706 | D:10     | Entered Level 10 of the Dungeon
  7300 | D:11     | Found a staircase to the Lair.
  7337 | D:11     | Noticed a two-headed ogre
  7343 | D:11     | Killed a two-headed ogre
  7541 | D:11     | Killed an unseen horror
  7541 | D:11     | Reached ****** piety under Okawaru
  7722 | D:11     | Noticed an eight-headed hydra
  7729 | D:11     | Killed a five-headed hydra
  7763 | D:11     | Noticed an eight-headed hydra
  7766 | D:11     | You fall through a shaft for 3 floors!
  7837 | D:14     | Reached skill level 13 in Axes
  7860 | D:14     | Noticed a wizard
  7867 | D:14     | Killed a wizard
  7867 | D:14     | Reached skill level 1 in Long Blades
  7877 | D:14     | Killed an unseen horror
  7877 | D:14     | Gained mutation: You heal very quickly. [Vine Stalker growth]
  7877 | D:14     | Reached XP level 12. HP: 53/63 MP: 11/13
  7905 | D:14     | Found a burning altar of Makhleb.
  8037 | D:14     | Received a gift from Okawaru
  8066 | D:14     | Got a jewelled bardiche {god gift}
  8067 | D:14     | Identified the +7 bardiche of a bazaar {freeze, rF- rC+ Str+5} (Okawaru gifted it to you on level 14 of the Dungeon)
  8191 | D:15     | Entered Level 15 of the Dungeon
  8198 | D:15     | Noticed a two-headed ogre
  8201 | D:15     | Noticed an ogre mage
  8206 | D:15     | Noticed a two-headed ogre
  8208 | D:15     | Killed a two-headed ogre
  8209 | D:15     | Noticed a two-headed ogre
  8212 | D:15     | Noticed a two-headed ogre
  8219 | D:15     | Killed an ogre mage
  8221 | D:15     | Killed a two-headed ogre
  8221 | D:15     | Received a gift from Okawaru
  8226 | D:15     | Killed a two-headed ogre
  8228 | D:15     | Killed a two-headed ogre
  8357 | D:13     | Noticed Snorg
  8378 | D:12     | HP: 3/65 [Snorg (1)]
  8378 | D:12     | Slain by a large slime creature

Vault maps used:
D:1:      erik_arrival_orb_chamber
D:2:      marbit_many_paths, first_bread, uniq_sigmund
D:3:      chequers_ecumenical_altar_island, nicolae_gozag_zags_fifth_avenue
D:4:      fiery_altar_vehumet, lemuel_crystal_altar,
          minmay_temple_entry_junction, cheibrodos_sewer_entry_sluice,
          uniq_duvessa
D:5:      nicolae_overflow_crystal_walls, uniq_blork_the_orc, uniq_ijyb,
          uniq_pikel
D:6:      lemuel_coloured_pillars_altar, slow_altar_2
D:7:      serial_shops, shop_fountains
D:8:      basic_altar, grunt_ogre_cave, uniq_grum, uniq_psyche, uniq_erica,
          uniq_maurice, uniq_prince_ribbit1
D:9:      tso_altar, kennysheep_flooded_box
D:10:     serial_glass, glass_columns_c, glass_columns_b,
          hangedman_abyss_or_decor_stabs, hangedman_decor_riveting
D:11:     erik_lair_orcish_takeover
D:12:     orc_0_dummy, serial_shops, shop
D:13:     grunt_vaults_entry_fortified, uniq_snorg
D:14:     minmay_separated_statues, basic_altar, wad_dig_loot
D:15:     grunt_enter_depths_snipers
Temple:   regret_index_temple_generic_petals
Sewer:    sewer_co_scattered_pipes

Skill      XL: |  1  2  3  4  5  6  7  8  9 10 11 12 |
---------------+-------------------------------------+-----
Axes           | 3 4 5 6 8 10 11 13 | 13.9
Fighting       | 2 3 4 5 6 7 8 |  8.2
Armour         | 1 2 3 4 5 7 |  7.9
Dodging        | 3 |  3.4
Stealth        | 2 3 |  3.2
Evocations     | 1 |  1.1
Long Blades    | 1 |  1.6
Throwing       | 2 |  2.3

Action                   |  1- 3 |  4- 6 |  7- 9 | 10-12 || total
-------------------------+-------+-------+-------+-------++-------
Melee: War axe           |   103 |   190 |   223 |    94 ||   610
       Bite              |    26 |    66 |    73 |   118 ||   283
       Battleaxe         |       |       |       |   230 ||   230
       Hand axe          |       |       |       |     8 ||     8
       Scimitar          |       |       |       |     4 ||     4
Throw: Tomahawk          |       |       |       |     2 ||     2
       Throwing net      |       |       |       |     2 ||     2
       Javelin           |       |       |       |     6 ||     6
Evoke: Wand              |       |       |       |     5 ||     5
  Use: Potion            |       |       |     2 |     2 ||     4
       Scroll            |       |       |       |    20 ||    20
  Eat: Chunk             |       |     4 |     9 |    13 ||    26
Armor: Leather armour    |    27 |       |       |       ||    27
       Plate armour      |    31 |   119 |   162 |   277 ||   589
Dodge: Dodged            |    55 |    56 |    66 |   141 ||   318

Table legend:
 A = Spawn XP
 B = Non-spawn XP
 C = Spawn XP percentage of total XP
 D = Spawn monster count
 E = Non-spawn monster count
 F = Spawn count percentage of total count
 G = Total turns spent on level
                    A         B        C        D         E        F      G
               +---------+---------+-------+---------+---------+-------+---------
         Total |       0 |   27787 |   0.0 |       0 |     306 |   0.0 |  8378
               +---------+---------+-------+---------+---------+-------+---------
           D:1 |       0 |      59 |   0.0 |       0 |      37 |   0.0 |   453
           D:2 |       0 |     301 |   0.0 |       0 |      23 |   0.0 |   673
           D:3 |       0 |      86 |   0.0 |       0 |      31 |   0.0 |   501
           D:4 |       0 |     699 |   0.0 |       0 |      18 |   0.0 |  1032
           D:5 |       0 |    2092 |   0.0 |       0 |      27 |   0.0 |   487
           D:6 |       0 |     556 |   0.0 |       0 |      11 |   0.0 |   512
           D:7 |       0 |    1359 |   0.0 |       0 |      11 |   0.0 |   543
           D:8 |       0 |    4386 |   0.0 |       0 |      28 |   0.0 |   879
           D:9 |       0 |    1865 |   0.0 |       0 |      17 |   0.0 |   774
          D:10 |       0 |    1045 |   0.0 |       0 |      16 |   0.0 |   581
          D:11 |       0 |    3784 |   0.0 |       0 |      28 |   0.0 |   479
          D:13 |       0 |     739 |   0.0 |       0 |       6 |   0.0 |    62
          D:14 |       0 |    5572 |   0.0 |       0 |      25 |   0.0 |   472
          D:15 |       0 |    5175 |   0.0 |       0 |       7 |   0.0 |    75
         Sewer |       0 |      69 |   0.0 |       0 |      21 |   0.0 |   716
               +---------+---------+-------+---------+---------+-------+---------
